 Dungeon Crawl Stone Soup version 0.23.2 (webtiles) character file.

Game seed: 8473279939483502662

1572 Gargoyl the Chopper (level 8, -3/68 HPs)
             Began as a Centaur Abyssal Knight on Apr 3, 2019.
             Was a Believer of Lugonu.
             Slain by Prince Ribbit (7 damage)
             ... on level 5 of the Dungeon on Apr 4, 2019.
             The game lasted 00:10:45 (7041 turns).

Gargoyl the Chopper (Centaur Abyssal Knight)        Turns: 7041, Time: 00:10:46

Health: -3/68      AC:  8    Str: 14    XL:     8   Next: 59%
Magic:  11/11      EV: 10    Int: 11    God:    Lugonu [**....]
Gold:   157        SH:  0    Dex: 12    Spells: 7/7 levels left

rFire    . . .     SeeInvis .   a - +1 hand axe
rCold    . . .     Gourm    .   (no shield)
rNeg     . . .     Faith    .   i - +3 leather armour {rPois}
rPois    +         Spirit   .   (no helmet)
rElec    .         Reflect  .   (no cloak)
rCorr    .         Harm     .   (no gloves)
MR       .....                  (no barding)
Stlth    +.........             (no amulet)
HPRegen  0.21/turn              (no ring)
MPRegen  0.12/turn              (no ring)

@: studying Slings, very quick
A: large, hooves 3, deformed body, speed 2, tough skin 3
a: Depart the Abyss, Bend Space, Renounce Religion


You were on level 5 of the Dungeon.
You worshipped Lugonu.
Lugonu was pleased with you.
You were hungry.

You visited 1 branch of the dungeon, and saw 6 of its levels.
You visited the Abyss 1 time.

You collected 157 gold pieces.

Inventory:

Hand Weapons
 a - a +1 hand axe (weapon)
 b - a +0 blowgun
 g - a +0 war axe
Missiles
 j - 8 tomahawks (quivered)
 k - 11 poisoned needles
Armour
 i - a +3 leather armour of poison resistance (worn)
Scrolls
 e - a scroll of identify
 f - 3 scrolls of remove curse
 h - a scroll of amnesia
 n - a scroll of noise {unknown}
 p - a scroll of teleportation {unknown}
Potions
 m - a potion of cancellation
Books
 o - a manual of Slings
Comestibles
 c - 11 rations


   Skills:
 + Level 5.2 Fighting
 + Level 5.6 Axes
 + Level 0.2 Throwing
 * Level 4.3 Armour
 * Level 2.8 Dodging
 * Level 5.0 Invocations


You had 7 spell levels left.
You didn't know any spells.
Your spell library was empty.

Dungeon Overview and Level Annotations

Branches:
Dungeon (6/15)             Temple (0/1) D:4

Altars:
Ashenzari
Elyvilon
Gozag
Hepliaklqana
Kikubaaqudgha
Makhleb
Nemelex Xobeh
Trog
Uskayaw
Vehumet

Shops:
D:5 (

Annotations:
D:5 Prince Ribbit


Innate Abilities, Weirdness & Mutations

You have hooves in place of feet.
Armour fits poorly on your strangely shaped body.
You cover ground very quickly.
You have extremely tough skin. (AC +3)


Message History

Prince Ribbit hits you!
You miss Prince Ribbit. You kick Prince Ribbit.
Prince Ribbit is moderately wounded.
Prince Ribbit hits you. Prince Ribbit closely misses you.
You barely miss Prince Ribbit. You kick Prince Ribbit.
Prince Ribbit is moderately wounded.
Prince Ribbit hits you!
You barely miss Prince Ribbit. You kick Prince Ribbit!
Prince Ribbit is heavily wounded.
Prince Ribbit hits you. Prince Ribbit hits you!
You barely miss Prince Ribbit. You kick Prince Ribbit.
Prince Ribbit is heavily wounded.
Prince Ribbit hits you!
* * * LOW HITPOINT WARNING * * *
You feel better.
Prince Ribbit hits you but does no damage.
Prince Ribbit hits you!
* * * LOW HITPOINT WARNING * * *
Prince Ribbit hits you!
You die...

### ..# #.# #...[...##.#
#.......##.# #.......##.#
#.......##'########
#.......#.........# ######
#.......#.F@......# #.....
##o......#.........#####.###.
.......∩.#...............# #.
###......#.......###########.
#..........................
##...#.##..................
#...#.##>.............####
#...#.##.####.....###.# #
#...#.##.# #.....# #.# #


You could see Prince Ribbit.

Vanquished Creatures
  Grinder (D:3)
  Sigmund (D:2)
  Eustachio (D:5)
  An eye of draining (Abyss:1)
  A sky beast (D:4)
  An ogre (D:4)
  A bullfrog (D:3)
  Blork the orc (D:5)
  A scorpion (D:4)
  A centaur zombie (D:5)
  2 hounds (D:5)
  An orc priest (D:5)
  A bullfrog skeleton (D:5)
  Jessica (D:2)
  4 orc wizards
  5 worker ants
  A hound zombie (D:5)
  6 gnolls
  6 adders
  5 worms
  3 dart slugs (D:2)
  3 leopard geckos
  16 orcs
  5 giant cockroaches
  6 goblins
  8 hobgoblins
  3 jackals (D:1)
  A ball python (D:3)
  6 bats
  4 frilled lizards
  7 kobolds
  6 rats
110 creatures vanquished.

Notes
Turn   | Place    | Note
-------+----------+-------------------------------------------
     0 | Abyss:1  | Gargoyl the Centaur Abyssal Knight began the quest for the
                  | Orb.
     0 | Abyss:1  | Reached XP level 1. HP: 19/19 MP: 2/2
    57 | Abyss:1  | Noticed an eye of draining
    67 | Abyss:1  | Noticed a smoke demon
    69 | Abyss:1  | Killed an eye of draining
    69 | Abyss:1  | Reached XP level 2. HP: 27/27 MP: 0/3
    69 | Abyss:1  | Reached XP level 3. HP: 33/33 MP: 0/4
    69 | Abyss:1  | Reached XP level 4. HP: 40/40 MP: 0/5
    74 | Abyss:1  | Noticed a large abomination
    75 | D:1      | Escaped the Abyss
   345 | D:1      | Reached * piety under Lugonu
  1089 | D:2      | Noticed Jessica
  1096 | D:2      | Killed Jessica
  1096 | D:2      | Reached skill level 1 in Dodging
  1096 | D:2      | Reached XP level 5. HP: 39/46 MP: 6/6
  1174 | D:2      | Found a sparkling altar of Nemelex Xobeh.
  1762 | D:2      | Found a shattered altar of Ashenzari.
  1918 | D:2      | Found an ancient bone altar of Kikubaaqudgha.
  2225 | D:2      | Noticed Sigmund
  2240 | D:2      | Killed Sigmund
  2240 | D:2      | Reached XP level 6. HP: 36/53 MP: 8/8
  2528 | D:3      | Noticed Grinder
  2530 | D:3      | Reached ** piety under Lugonu
  2582 | D:3      | Killed Grinder
  2582 | D:3      | Reached XP level 7. HP: 18/60 MP: 9/9
  3044 | D:3      | Found a radiant altar of Vehumet.
  3090 | D:3      | Found a white marble altar of Elyvilon.
  3351 | D:3      | Found a burning altar of Makhleb.
  3351 | D:3      | Noticed a balrug
  4042 | D:4      | Noticed a two-headed ogre
  4327 | D:5      | Entered Level 5 of the Dungeon
  4944 | D:5      | Found a bloodstained altar of Trog.
  4962 | D:5      | Noticed Blork the orc
  4973 | D:5      | Killed Blork the orc
  5111 | D:5      | Found Wiw Likehu's Weapon Shoppe.
  5116 | D:5      | Noticed Prince Ribbit
  5282 | D:5      | Reached skill level 5 in Axes
  5282 | D:5      | Reached XP level 8. HP: 67/67 MP: 11/11
  5726 | D:4      | Reached skill level 5 in Fighting
  5757 | D:4      | Noticed Eustachio
  5813 | D:5      | Killed Eustachio
  6077 | D:4      | Found a hide-covered altar of Uskayaw.
  6201 | D:4      | Found a staircase to the Ecumenical Temple.
  6932 | D:5      | Found a hazy altar of Hepliaklqana.
  6961 | D:5      | Found an opulent altar of Gozag.
  7028 | D:5      | Reached skill level 5 in Invocations
  7041 | D:5      | Slain by Prince Ribbit

Skill      XL: |  1  2  3  4  5  6  7  8 |
---------------+-------------------------+-----
Fighting       | 4 5 |  5.2
Axes           | 2 3 4 5 |  5.6
Dodging        | 1 2 |  2.8
Armour         | 2 3 4 |  4.3
Invocations    | 3 4 5 |  5.0
Throwing       | |  0.2

Action                   |  1- 3 |  4- 6 |  7- 9 || total
-------------------------+-------+-------+-------++-------
Melee: Hand axe          |     9 |   213 |   279 ||   501
       Kick              |     4 |    32 |    62 ||    98
 Fire: Blowgun           |       |       |    11 ||    11
Invok: Depart the Abyss  |       |     1 |       ||     1
       Bend Space        |       |       |     1 ||     1
  Use: Scroll            |     1 |     4 |     5 ||    10
       Potion            |       |     6 |     5 ||    11
 Stab: Invisible         |       |     2 |       ||     2
  Eat: Chunk             |       |     4 |     9 ||    13
       Ration            |       |       |     1 ||     1
Armor: Leather armour    |       |    75 |    36 ||   111
       Ring mail         |       |       |    51 ||    51
       Chain mail        |       |       |    38 ||    38
       Skin              |       |       |    18 ||    18
Dodge: Dodged            |       |   105 |   139 ||   244
